 Dungeon Crawl Stone Soup version 0.28.0-45-g0d030f2227 (webtiles) character file.

Game seed: 8631165604091302464

51 Romesagentofchaos the Sneak (level 3, -1/24 HPs)
             Began as an Octopode Brigand on Apr 15, 2022.
             Killed from afar by Sigmund (10 damage)
             ... with a magic dart
             ... on level 2 of the Dungeon.
             The game lasted 00:05:29 (1243 turns).

Romesagentofchaos the Sneak (Octopode Brigand)      Turns: 1243, Time: 00:05:30

Health: -1/24      AC:  1    Str: 10    XL:     3   Next: 83%
Magic:  3/3        EV: 13    Int: 13    God:
Gold:   66         SH:  0    Dex: 15    Spells: 2/2 levels left

rFire   + . .      SeeInvis .   d - +2 dagger (drain)
rCold   + . .      Faith    .   (no shield)
rNeg    . . .      Spirit   .   (helmet restricted)
rPois   +          Reflect  .   (no amulet)
rElec   +          Harm     .   (no ring)
rCorr   +          Rampage  .   (no ring)
Will    .....                   (no ring)
Stlth   ++++......              (no ring)
HPRegen 0.08/turn               (no ring)
MPRegen 0.08/turn               (no ring)
                                (no ring)
                                (no ring)

@: resistant
A: almost no armour, amphibious, 8 rings, camouflage 1, gelatinous body 1,
(nimble swimmer 1), tentacles
a: no special abilities


You were on level 2 of the Dungeon.
You visited 1 branch of the dungeon, and saw 2 of its levels.

You collected 66 gold pieces.

Inventory:

Hand Weapons
 a - a +2 dagger
 d - a +2 dagger of draining (weapon)
Missiles
 b - 6 poisoned darts (quivered)
 c - 2 curare-tipped darts
Scrolls
 e - a scroll of identify


   Skills:
 + Level 2.2 Fighting
 + Level 2.5 Short Blades
 + Level 2.0 Throwing
 + Level 1.1 Dodging
 + Level 6.7 Stealth


You had 2 spell levels left.
You didn't know any spells.
Your spell library was empty.

Dungeon Overview and Level Annotations

Branches:
Dungeon (2/15)

Altars:

Shops:
D:1 *

Annotations:
D:2 Sigmund


Innate Abilities, Weirdness & Mutations

You cannot wear most types of armour.
You are amphibious.
You can wear up to eight rings at the same time.
Your skin changes colour to match your surroundings (Stealth+).
Your rubbery body absorbs attacks. (AC +1, EV +1)
((You are camouflaged when in or above water. (Stealth+)))
You have tentacles for arms and can constrict up to eight enemies at once.


Message History

You kill the bat!
A kobold comes into view. It is wielding a +1 whip of pain.
A rat comes into view.
The helpless kobold fails to defend itself.
You impale the kobold!!
You kill the kobold!
A frilled lizard comes into view.
Things that are here:
a +1 whip of pain; 5 stones; a kobold corpse The helpless rat fails to defend itself.
You impale the rat!!
You kill the rat!
The helpless frilled lizard fails to defend itself.
You impale the frilled lizard!!
You kill the frilled lizard!
You see here a frilled lizard corpse.
Sigmund the Dreaded comes into view.
He is wielding a +0 scythe.
Found an escape hatch in the floor.
Sigmund shouts!
Sigmund points at you and mumbles some strange words.
The puff of flame hits you!
Ouch! That really hurt!
You feel protected. Sigmund misses you.
Throw: 8 darts (poison)
Press: ? - help, Q - select action, (/) - cycle Shift-Dir - straight line, f - Sigmund
Aim: Sigmund, wielding a +0 scythe and wearing a +0 robe (57% to hit)
You throw a poisoned dart.
The poisoned dart closely misses Sigmund.
Sigmund gestures wildly while chanting.
Sigmund flickers and vanishes!
Deactivating autopickup; reactivate with Ctrl-A.
Throw: 7 darts (poison)
Press: ? - help, Q - select action, (/) - cycle Shift-Dir - straight line You throw a poisoned dart.
Something hits you.
You hear some strange, mumbled words.
A magic dart appears from out of thin air!
The magic dart hits you!
You die...

####### #.....
#{..#######
#.@......>. ######
##########.#######
...(.# #.....#.......#
.....#.##.##.##.#.##.#
.....#.#.##.##†##.# #
.......#..#..#..#.#
.)...###.##.##.##.#
..<..##.†#..#..#..#
.....###.##.##.#..#


There were no monsters in sight!

Vanquished Creatures
  A gnoll (D:1)
  A worm (D:2)
  A dart slug (D:1)
  2 ball pythons (D:1)
  4 endoplasms
  2 giant cockroaches (D:1)
  4 goblins (D:1)
  3 hobgoblins (D:1)
  3 kobolds
  3 quokkas
  4 bats
  3 frilled lizards
  4 rats
35 creatures vanquished.

Notes
Turn   | Place    | Note
-------+----------+-------------------------------------------
     0 | D:1      | Romesagentofchaos the Octopode Brigand began the quest for
                  | the Orb.
     0 | D:1      | Reached XP level 1. HP: 14/14 MP: 1/1
   119 | D:1      | Reached XP level 2. HP: 11/19 MP: 2/2
   458 | D:1      | Reached skill level 6 in Stealth
   469 | D:1      | Found a faded altar of an unknown god.
   619 | D:1      | Reached XP level 3. HP: 23/24 MP: 3/3
   845 | D:1      | Found Bumou's General Store.
  1237 | D:2      | Noticed Sigmund
  1243 | D:2      | Killed from afar by Sigmund

Illustrated notes

Levels and vault maps discovered:
D:1:      mushboom_english_gardens, layout_loops_corners, serial_shops,
          nicolae_shop_crystal, hellmonk_ecumenical_altar_inner_sanctum
D:2:      minmay_angry_zag, layout_basic, grunt_ministairs_6, uniq_sigmund,
          uniq_crazy_yiuf_cottage

Skill      XL: |  1  2 |
---------------+-------+-----
Stealth        | 6 |  6.7
Fighting       | |  2.2
Short Blades   | |  2.5
Throwing       | |  2.0
Dodging        | |  1.1

Action                   || total
-------------------------++-------
Melee: Dagger            ||    48
       Tentacles         ||     6
       Constrict         ||     6
Throw: Dart              ||     2
  Use: Scroll            ||     4
       Potion            ||     2
 Stab: Sleeping          ||    17
Armor: Skin              ||     6
Dodge: Dodged            ||    28
